 Dungeon Crawl Stone Soup version 0.27-a0-1612-gde56a17b89 (webtiles) character file.

Game seed: 15997743170317337

51 Spectrina the Sneak (level 4, -5/35 HPs)
             Began as a Djinni Delver on July 22, 2021.
             Killed from afar by Blork the orc (16 damage)
             ... with a puff of frost
             ... on level 4 of the Dungeon.
             The game lasted 00:03:04 (308 turns).

Spectrina the Sneak (Djinni Delver)                  Turns: 308, Time: 00:03:05

Health: -5/35      AC:  3    Str: 11    XL:     4   Next: 7%
Gold:   58         EV: 12    Int: 12    God:
                   SH:  0    Dex: 15

rFire    + + .     SeeInvis .     - Unarmed
rCold    x . .     Faith    .   (no shield)
rNeg     . . .     Spirit   .   a - +0 leather armour
rPois    ∞         Reflect  .   (no helmet)
rElec    .         Harm     .   (no cloak)
rCorr    .         Rampage  .   (no gloves)
Will     .....                  (boots unavailable)
Stlth    ++........             (no amulet)
HPRegen  0.11/turn              (no ring)
MPRegen  0.00/turn              (no ring)

@: flying
A: sickness immunity, fire resistance 2, cold vulnerability 1, float, innate
caster, hp casting, extra vitality 1
a: no special abilities


You were on level 4 of the Dungeon.
You visited 1 branch of the dungeon, and saw 2 of its levels.

You collected 58 gold pieces.

Inventory:

Missiles
 g - 44 bolts
 h - 2 javelins (quivered)
 k - 43 stones
Armour
 a - a +0 leather armour (worn)
 l - a +0 plate armour
Wands
 f - a wand of digging (3)
 i - a wand of iceblast (9)
Scrolls
 b - a scroll of fog
 c - a scroll of magic mapping
 j - a scroll of acquirement {unknown}
 m - a scroll of amnesia {unknown}
 n - a scroll of blinking {unknown}
Potions
 e - a potion of haste


   Skills:
 - Level 3.0 Fighting
 - Level 2.1 Dodging
 - Level 4.1 Stealth
 - Level 2.0 Unarmed Combat
 + Level 2.4 Spellcasting


You had 6 spell levels left.
You knew the following spells:

 Your Spells              Type           Power      Damage    Failure   Level
p - Summon Small Mammal   Summ           28%        N/A       13%         1
Your spell library was empty.

Dungeon Overview and Level Annotations

Branches:
Dungeon (5/15)             Temple (0/1) D:5

Altars:

Annotations:
D:4 Blork the orc


Innate Abilities, Weirdness & Mutations

You are immune to sickness and miasma.
You are immune to poison.
Your flesh is very heat resistant. (rF++)
You are vulnerable to cold. (rC-)
You float through the air rather than walking.
You learn spells naturally, not from books.
Your magical power is your life essence.
You have superior vitality. (+4 HP)


Message History

A bullfrog skeleton comes into view.
Found 14 gold pieces.
A quokka comes into view.
The quokka moves out of view.
You now have 58 gold pieces (gained 14).
Unknown command.
There are no items here.
A ball python comes into view.
Unknown command.
Found a dagger.
An endoplasm comes into view.
Found a scroll labelled LIAMOM IWKAO.
n - a scroll labelled LIAMOM IWKAO
There are no items here.
The endoplasm quivers.
Casting: Summon Small Mammal (safe; 13% risk of failure)
Confirm with . or Enter, or press ? or * to list all spells.
You miscast Summon Small Mammal.
You are very lightly contaminated with residual magic.
Nothing appears to happen.
* * * LOW HITPOINT WARNING * * *
The quokka barely misses you.
Unknown command.
Okay, then.
Okay, then.
As you read the scroll of fear, it crumbles to dust.
You assume a fearsome visage.
The quokka looks frightened!
The endoplasm looks frightened!
Unknown command.
Your magical contamination has completely faded away.
You see here a +0 dagger.
Unknown command.
Found 15 stones.
k - 43 stones (gained 15)
There are no items here.
Unknown command.
Blork the orc shouts!
The kobold shouts!
Blork the orc gestures at you while chanting.
The puff of frost hits you!
You feel a terrible chill!
You die...

#.#####W#.# ##. #
#.#####.#.# ##
........o...#
.#..##.#...#
.....###.........
#.....#...##.....
#
...###...#..#K.#
.... #
.........#..#..#
### # ##@.......#
# ##.#.###.# #
#.#.###.# #
#KW.....#########
###..............
###############


You could see Blork the orc, a phantom and a kobold.

Vanquished Creatures
  A water moccasin skeleton (D:5)
  A dart slug (D:4)
2 creatures vanquished.

Notes
Turn   | Place    | Note
-------+----------+-------------------------------------------
     0 | D:5      | Spectrina the Djinni Delver began the quest for the Orb.
     0 | D:5      | Reached XP level 1. HP: 20/20 MP: 0/0
    33 | D:5      | Found a staircase to the Ecumenical Temple.
    62 | D:4      | Noticed a howler monkey
   123 | D:4      | Noticed a phantom
   177 | D:5      | Reached XP level 2. HP: 7/25 MP: 0/0
   177 | D:5      | Reached XP level 3. HP: 8/30 MP: 0/0
   177 | D:5      | Learned a level 1 spell: Summon Small Mammal
   177 | D:5      | Reached XP level 4. HP: 9/35 MP: 0/0
   181 | D:5      | Noticed an ogre
   206 | D:4      | Noticed Blork the orc
   209 | D:4      | Noticed a phantom
   308 | D:4      | Killed from afar by Blork the orc

Illustrated notes

Levels and vault maps discovered:
D:4:      layout_loops_cross, uniq_blork_the_orc
D:5:      layout_loops_ring, minmay_temple_entry_stoned_glass, st_stairs_8,
          hellmonk_bongcloud_opening, dk_noncrumbling_2, nrook_pool_corridor,
          roderic_batcave, uniq_crazy_yiuf_cottage, uniq_edmund,
          uniq_prince_ribbit1, uniq_pikel

Skill      XL: |  1 |
---------------+----+-----
Spellcasting   | 2 |  2.4
Fighting       | |  3.0
Dodging        | |  2.1
Stealth        | |  4.1
Unarmed Combat | |  2.0

Action                   |  1- 3 |  4- 6 || total
-------------------------+-------+-------++-------
Melee: Unarmed           |    12 |       ||    12
 Cast: Summon Small Mamm |       |     1 ||     1
Evoke: Wand              |     3 |       ||     3
  Use: Scroll            |       |     1 ||     1
Armor: Leather armour    |     4 |       ||     4
Dodge: Dodged            |     6 |     2 ||     8

Table legend: (Time is in decaauts)
 A = Elapsed time spent in this place.
 B = Non-inter-level travel time spent in this place.
 C = Inter-level travel time spent in this place.
 D = Time resting spent in this place.
 E = Time spent auto-exploring this place.
 F = Levels seen in this place.
 G = Mean time per level.
                   A        B        C        D        E       F      G
               +--------+--------+--------+--------+--------+-----+--------+
         Total |    308 |    308 |      0 |      0 |      0 |   2 |  154.0 |
       Dungeon |    308 |    308 |      0 |      0 |      0 |   2 |  154.0 |
               +--------+--------+--------+--------+--------+-----+--------+

Top non-repeatable levels by time:
     D:4: 233 daAuts
     D:5: 74 daAuts
